 Dungeon Crawl Stone Soup version 0.28-a0-893-g5e322aebe8 (webtiles) character file.

Game seed: 7219920081035845129

186 Ijustatesigmund the Shield-Bearer (level 5, 0/47 HPs)
             Began as a Gnoll Fighter on Nov 22, 2021.
             Succumbed to a water moccasin's poison
             ... on level 4 of the Dungeon.
             The game lasted 00:04:31 (2888 turns).

Ijustatesigmund the Shield-Bearer (Gnoll Fighter)   Turns: 2888, Time: 00:04:31

Health: 0/47       AC:  9    Str: 16    XL:     5   Next: 65%
Magic:  7/7        EV: 10    Int:  8    God:
Gold:   602        SH:  6    Dex: 11    Spells: 7/7 levels left

rFire   . . .      SeeInvis .   a - +0 war axe
rCold   . . .      Faith    .   c - +1 buckler
rNeg    + . .      Spirit   .   b - +0 scale mail
rPois   .          Reflect  .   (no helmet)
rElec   .          Harm     .   (no cloak)
rCorr   .          Rampage  .   p - +0 pair of gloves
Will    .....                   (no boots)
Stlth   ..........              (no amulet)
HPRegen 0.15/turn               k - ring of positive energy
MPRegen 0.10/turn               (no ring)

@: mighty, lethally poisoned (0 -> -21)
A: fangs 1, strong nose, distributed training
a: no special abilities


You were on level 4 of the Dungeon.
You visited 1 branch of the dungeon, and saw 4 of its levels.

You collected 776 gold pieces.
You spent 174 gold pieces at shops.

Inventory:

Hand Weapons
 a - a +0 war axe (weapon)
 j - a +1 hand axe of venom
Armour
 b - a +0 scale mail (worn)
 c - a +1 buckler (worn)
 p - a +0 pair of gloves (worn)
Jewellery
 k - a ring of positive energy (left hand)
Scrolls
 g - a scroll of enchant weapon {unknown}
 n - a scroll of fog {unknown}
Potions
 e - a potion of mutation {unknown}
 h - a potion of cancellation {unknown}
 i - a potion of heal wounds {unknown}
 l - a potion of lignification {unknown}
 m - 3 potions of flight {unknown}
 o - a potion of invisibility {unknown}


   Skills:
 + Level 6.7 Fighting
 + Level 1.6 Short Blades
 + Level 1.6 Long Blades
 + Level 4.8 Axes
 + Level 1.6 Maces & Flails
 + Level 1.6 Polearms
 + Level 1.6 Staves
 + Level 1.6 Slings
 + Level 1.6 Bows
 + Level 1.6 Crossbows
 + Level 1.6 Throwing
 + Level 6.7 Armour
 + Level 1.6 Dodging
 + Level 1.6 Stealth
 + Level 6.7 Shields
 + Level 1.6 Unarmed Combat
 + Level 1.6 Spellcasting
 + Level 1.2 Conjurations
 + Level 1.2 Hexes
 + Level 1.2 Summonings
 + Level 1.2 Necromancy
 + Level 1.2 Translocations
 + Level 1.2 Transmutations
 + Level 1.2 Fire Magic
 + Level 1.2 Ice Magic
 + Level 1.2 Air Magic
 + Level 1.2 Earth Magic
 + Level 1.2 Poison Magic
 + Level 1.8 Invocations
 + Level 1.6 Evocations


You had 7 spell levels left.
You didn't know any spells.
Your spell library contained the following spells:

 Spells                   Type           Power      Damage    Failure   Level
 Blink                    Tloc           4%         N/A       71%         2
 Lesser Beckoning         Tloc           2%         N/A       91%         3
 Hailstorm                Conj/Ice       2%         3d3       100%        4
 Ice Form                 Ice/Tmut       2%         N/A       100%        4
 Manifold Assault         Tloc           2%         N/A       100%        5
 Simulacrum               Ice/Necr       1%         N/A       100%        6


Dungeon Overview and Level Annotations

Branches:
Dungeon (4/15)
 Temple: D:4-7

Altars:
Ashenzari

Shops:
D:1 [[:[   D:3 (((


Innate Abilities, Weirdness & Mutations

You have very sharp teeth.
Your uncanny sense of smell can sniff out nearby items.
Your experience applies equally to all skills.


Message History

You feel better. You block the water moccasin's attack.
The water moccasin bites you but does no damage.
You slash the water moccasin!
The water moccasin is moderately wounded.
The water moccasin bites you but does no damage.
You barely miss the water moccasin.
The water moccasin is moderately wounded.
The water moccasin bites you but does no damage.
The water moccasin bites you.
You are poisoned.
The water moccasin poisons you!
You hit the water moccasin.
The water moccasin is moderately wounded.
You feel very sick. You block the water moccasin's attack.
The water moccasin closely misses you.
You closely miss the water moccasin.
The water moccasin is moderately wounded.
You feel very sick. The water moccasin bites you.
You are more poisoned.
The water moccasin poisons you! You block the water moccasin's attack.
You feel very mighty all of a sudden.
You feel very sick. You block the water moccasin's attack.
You miss the water moccasin.
The water moccasin is moderately wounded.
* * * LOW HITPOINT WARNING * * *
You feel very sick.
The water moccasin bites you but does no damage. x2
You slash the water moccasin! You bite the water moccasin.
The water moccasin is almost dead.
* * * LOW HITPOINT WARNING * * *
You feel very sick. You block the water moccasin's attack.
The water moccasin bites you.
* * * LOW HITPOINT WARNING * * *
You are more poisoned.
The water moccasin poisons you!
You closely miss the water moccasin.
The water moccasin is almost dead.
You die...

##########.#
#........#.#
#........).# #
#........### #.
#........# #.
#........# #.####
#........# #....
#.)......# #S.#
#)####.#########@#
#.# ##..§§≈§≈..##
#.# #.≈§§§..≈.#
#.# #.≈.≈§§.§.#
#.# #.≈≈§..≈≈.#
#.# #.≈≈§_.≈≈.#
#.# #.§§§..≈§.#
#.# #.≈§≈§≈.≈.#
#.# #.≈.....≈.#


You could see a water moccasin.

Vanquished Creatures
  A jelly (D:4)
  An orc priest (D:3)
  An orc wizard (D:4)
  3 adders (D:2)
  A dart slug (D:1)
  8 orcs
  7 ball pythons
  4 bats
  5 endoplasms
  2 giant cockroaches
  4 goblins
  2 hobgoblins (D:1)
  8 jackals
  6 kobolds
  A quokka (D:1)
  4 frilled lizards
  8 rats
66 creatures vanquished.

Notes
Turn   | Place    | Note
-------+----------+-------------------------------------------
     0 | D:1      | Ijustatesigmund the Gnoll Fighter began the quest for the
                  | Orb.
     0 | D:1      | Reached XP level 1. HP: 23/23 MP: 1/1
   110 | D:1      | Reached XP level 2. HP: 26/29 MP: 2/2
   153 | D:1      | Found Wiyt's Book Emporium.
   436 | D:1      | Found Bogeq's Antique Armour Emporium.
   600 | D:1      | Found Fitrutis's Armour Boutique.
   720 | D:1      | Found Xyimitoll's Antique Armour Emporium.
   736 | D:1      | Reached XP level 3. HP: 34/35 MP: 3/3
   908 | D:2      | Reached skill level 1 in Invocations
  1041 | D:2      | Reached skill level 1 in Short Blades
  1041 | D:2      | Reached skill level 1 in Long Blades
  1041 | D:2      | Reached skill level 1 in Maces & Flails
  1041 | D:2      | Reached skill level 1 in Polearms
  1041 | D:2      | Reached skill level 1 in Staves
  1041 | D:2      | Reached skill level 1 in Slings
  1041 | D:2      | Reached skill level 1 in Bows
  1041 | D:2      | Reached skill level 1 in Crossbows
  1041 | D:2      | Reached skill level 1 in Throwing
  1041 | D:2      | Reached skill level 1 in Dodging
  1041 | D:2      | Reached skill level 1 in Stealth
  1041 | D:2      | Reached skill level 1 in Unarmed Combat
  1041 | D:2      | Reached skill level 1 in Spellcasting
  1041 | D:2      | Reached skill level 1 in Evocations
  1049 | D:2      | Found a faded altar of an unknown god.
  1236 | D:2      | Reached XP level 4. HP: 41/41 MP: 5/5
  1727 | D:3      | Reached skill level 1 in Conjurations
  1727 | D:3      | Reached skill level 1 in Hexes
  1727 | D:3      | Reached skill level 1 in Summonings
  1727 | D:3      | Reached skill level 1 in Necromancy
  1727 | D:3      | Reached skill level 1 in Translocations
  1727 | D:3      | Reached skill level 1 in Transmutations
  1727 | D:3      | Reached skill level 1 in Fire Magic
  1727 | D:3      | Reached skill level 1 in Ice Magic
  1727 | D:3      | Reached skill level 1 in Air Magic
  1727 | D:3      | Reached skill level 1 in Earth Magic
  1727 | D:3      | Reached skill level 1 in Poison Magic
  1906 | D:3      | Identified a scroll of acquirement
  1906 | D:3      | Acquired 665 gold pieces
  1992 | D:3      | Found Hunofal's Weapon Emporium.
  2045 | D:3      | Reached XP level 5. HP: 45/47 MP: 6/6
  2087 | D:3      | Found Ficwi's Antique Weapon Shop.
  2097 | D:3      | Bought a glowing hand axe for 174 gold pieces
  2238 | D:3      | Found Acyr Surch's Antique Weapon Shop.
  2818 | D:4      | Found a broken altar of Ashenzari.
  2873 | D:4      | Noticed a water moccasin
  2888 | D:4      | Succumbed to a water moccasin's poison

Illustrated notes

Levels and vault maps discovered:
D:1:      dpeg_arrival_windows_large_door, layout_basic, serial_shops,
          shop_fountains, shop, nicolae_shop_window_shopping, shop,
          minmay_misc_feat_hallway, amcnicky_mini_pool_small
D:2:      layout_loops_ring, hellmonk_ecumenical_altar_lost_god
D:3:      layout_loops_ring, serial_shops, nicolae_lakefront_shop,
          nicolae_shop_advertising_works [nicolae_subvault_shop_adworks],
          nicolae_shop_window_shopping, grunt_ministairs_10
D:4:      layout_basic, mainiacjoe_overflow_paths, nicolae_uskayaw_dance_hall,
          uniq_crazy_yiuf_cottage, uniq_menkaure

Skill      XL: |  1  2  3  4 |
---------------+-------------+-----
Invocations    | 1 |  1.8
Short Blades   | 1 |  1.6
Long Blades    | 1 |  1.6
Maces & Flails | 1 |  1.6
Polearms       | 1 |  1.6
Staves         | 1 |  1.6
Slings         | 1 |  1.6
Bows           | 1 |  1.6
Crossbows      | 1 |  1.6
Throwing       | 1 |  1.6
Dodging        | 1 |  1.6
Stealth        | 1 |  1.6
Unarmed Combat | 1 |  1.6
Spellcasting   | 1 |  1.6
Evocations     | 1 |  1.6
Conjurations   | 1 |  1.2
Hexes          | 1 |  1.2
Summonings     | 1 |  1.2
Necromancy     | 1 |  1.2
Translocations | 1 |  1.2
Transmutations | 1 |  1.2
Fire Magic     | 1 |  1.2
Ice Magic      | 1 |  1.2
Air Magic      | 1 |  1.2
Earth Magic    | 1 |  1.2
Poison Magic   | 1 |  1.2
Fighting       | |  6.7
Axes           | |  4.8
Armour         | |  6.7
Shields        | |  6.7

Action                   |  1- 3 |  4- 6 || total
-------------------------+-------+-------++-------
Melee: War axe           |    98 |    93 ||   191
       Bite              |     5 |     3 ||     8
  Use: Scroll            |       |     5 ||     5
       Potion            |       |     3 ||     3
Armor: Scale mail        |    48 |    49 ||    97
Dodge: Dodged            |    47 |    29 ||    76
Block: Buckler           |    28 |    34 ||    62

Table legend: (Time is in decaauts)
 A = Elapsed time spent in this place.
 B = Non-inter-level travel time spent in this place.
 C = Inter-level travel time spent in this place.
 D = Time resting spent in this place.
 E = Time spent auto-exploring this place.
 F = Levels seen in this place.
 G = Mean time per level.
                   A        B        C        D        E       F      G
               +--------+--------+--------+--------+--------+-----+--------+
         Total |   2939 |   2864 |     75 |    278 |   2083 |   4 |  734.8 |
       Dungeon |   2939 |   2864 |     75 |    278 |   2083 |   4 |  734.8 |
               +--------+--------+--------+--------+--------+-----+--------+

Top non-repeatable levels by time:
     D:3: 920 daAuts
     D:2: 894 daAuts
     D:1: 851 daAuts
     D:4: 272 daAuts
